Map: [ESL] Alcyone

Players

ByuN - Winner!

  • Race: Terran Terran
  • Spawn Location: 7:00

Spirit

  • Race: Terran Terran
  • Spawn Location: 1:00

Event: ESL SC2 Masters 2023 Winter (Finals)

VOD

Have the link to the VOD?

Description

Time

  • Played on: Dec. 15, 2023, 6:18 p.m.
  • Length: 6:19

All games in this series

Show
View Real Time Build Order
Export as new Build Order

ByuN Terran - Winner!

Build Orders:  

Get SALT Encoding   

  12  0:00  SCV  
  13  0:13  Supply Depot  
  13  0:17  SCV  
  14  0:37  Barracks  
  14  0:40  Refinery  
  14  0:52  Barracks  
  14  0:56  SCV  
  15  1:08  SCV  
  16  1:25  Reaper, Orbital Command  
  17  1:30  Refinery  
  17  1:42  Reaper  
  18  1:51  SCV  
  19  1:57  Reaper  
  20  2:03  SCV  
  20  2:04  Supply Depot  
  21  2:14  Reaper  
  21  2:15  SCV  
  23  2:28  Factory, SCV  
  24  2:34  Reaper  
  25  2:40  SCV  
  26  2:53  Reaper, SCV  
  28  3:05  SCV  
  29  3:12  Supply Depot  
  29  3:13  Command Center  
  29  3:16  Factory Reactor  
  29  3:17  SCV  
  30  3:25  Starport  
  30  3:29  SCV  
  32  3:41  SCV  
  32  3:50  Refinery  
  32  3:54  Cyclone x2  
  37  4:05  Liberator  
  37  4:06  Supply Depot  
  39  4:25  Orbital Command, SCV  
  39  4:26  Cyclone x2  
  44  4:37  SCV  
  45  4:43  Barracks Tech Lab  
  45  4:51  Liberator  
  48  4:55  SCV x2  
  48  4:58  Cyclone x2  
  54  5:04  Supply Depot  
  54  5:07  SCV x2  
  56  5:18  Supply Depot  
  56  5:19  SCV x2  
  58  5:30  Cyclone x2  
  58  5:31  SCV x2  
  64  5:43  SCV x2  
  62  5:55  SCV x2  
  62  6:08  Command Center  
Show
View Real Time Build Order
Export as new Build Order

Spirit Terran 

Build Orders: Cyclone Opening 

Get SALT Encoding   

  12  0:00  SCV  
  13  0:12  SCV  
  14  0:17  Supply Depot  
  14  0:24  SCV  
  15  0:38  SCV  
  15  0:40  Barracks  
  16  0:44  Refinery  
  16  0:50  SCV  
  16  0:54  Refinery  
  17  1:03  SCV  
  18  1:15  SCV  
  19  1:28  Marine  
  19  1:29  Orbital Command  
  20  1:35  Factory  
  20  1:46  Reaper  
  21  1:54  Supply Depot  
  21  1:55  SCV  
  22  2:07  SCV  
  23  2:18  Cyclone  
  23  2:19  Reaper, SCV  
  27  2:31  SCV  
  27  2:32  Supply Depot  
  26  2:45  SCV  
  24  2:54  Cyclone  
  24  2:57  SCV  
  26  3:01  Barracks Reactor  
  26  3:09  SCV  
  27  3:13  Command Center  
  27  3:21  SCV  
  28  3:33  SCV  
  29  3:40  Command Center  
  29  3:45  SCV  
  32  3:48  Cyclone  
  32  3:57  SCV, Cyclone  
  34  4:08  Barracks Tech Lab  
  34  4:09  SCV  
  35  4:17  Supply Depot  
  35  4:21  SCV  
  38  4:31  Orbital Command  
  40  4:36  Stimpack, Marine  
  37  4:39  SCV  
  37  4:42  Factory Reactor  
  38  4:47  Barracks  
  38  4:48  Barracks  
  38  4:51  SCV  
  39  4:53  Orbital Command  
  39  4:55  Orbital Command  
  39  5:01  Marine  
  39  5:03  SCV  
  41  5:08  Starport  
  41  5:15  SCV  
  41  5:19  Supply Depot, SCV  
  43  5:23  SCV  
  43  5:27  SCV  
  45  5:31  Marine, SCV  
  45  5:32  Factory Tech Lab  
  45  5:34  Marine x2  
  49  5:35  SCV  
  49  5:39  SCV  
  50  5:43  SCV  
  50  5:44  Marine x2  
  50  5:47  SCV  
  46  5:51  SCV  
  46  5:52  Marine  
  46  5:55  SCV  
  46  5:57  Marine  
  43  6:00  SCV  
Tags
 
Add a new tag
Caveats
  • Supply blocks, unpowered buildings, or Contaminate may cause inaccurate times.
  • Supply counts are checked every 10 seconds.